 Dungeon Crawl Stone Soup version 0.30.1-4-g462c640d31 (webtiles) character file.

Game seed: 17715176129107251514

1967 spardeous the Destroyer (level 8, -10/57 HPs)
             Began as a Demigod Conjurer on Aug 14, 2023.
             Mangled by a two-headed ogre
             ... wielding a +0 giant club
              (22 damage)
             ... on level 8 of the Dungeon.
             The game lasted 00:07:44 (8553 turns).

spardeous the Destroyer (Demigod Conjurer)          Turns: 8553, Time: 00:07:44

Health: -10/57     AC:  7    Str: 14    XL:     8   Next: 68%
Magic:  11/19      EV: 10    Int: 28    God:
Gold:   439        SH:  0    Dex: 12    Spells: 10/17 levels left

rFire   . . .        (no weapon)
rCold   . . .        (no shield)
rNeg    . . .        m - +0 ring mail
rPois   .            t - +1 helmet
rElec   .            (no cloak)
rCorr   .            (no gloves)
SInv    .            (no boots)
Will    .....        w - amulet of regeneration
Stlth   +            i - +6 ring of strength
HPRegen 1.09/turn    E - ring of flight
MPRegen 0.16/turn

%: no passive effects
@: flying
A: high MP 1, forlorn, divine attributes
a: no special abilities


You were on level 8 of the Dungeon.
You visited 1 branch of the dungeon, and saw 8 of its levels.

You collected 463 gold pieces.
You spent 24 gold pieces at shops.

Inventory:

Armour
 a - a +0 robe
 m - a +0 ring mail (worn)
 t - a +1 helmet (worn)
 y - the +2 chain mail of the Invisible Hand {rF- rN+ Dex+10 Slay+3}
   (You found it on level 4 of the Dungeon)

   Dex:       It affects your dexterity (+10).
   Slay:      It affects your accuracy & damage with ranged weapons and melee
   (+3).
   rF:        It makes you vulnerable to fire.
   rN:        It protects you from negative energy.
Jewellery
 d - a ring of ice
 i - a +6 ring of strength (left hand)
 n - an amulet of guardian spirit
 u - a ring of see invisible
 w - an amulet of regeneration (around neck)
 B - a ring of protection from cold
 E - a ring of flight (right hand)
Wands
 v - a wand of flame (17)
 z - a wand of acid (7)
Scrolls
 c - 2 scrolls of enchant armour {unknown}
 e - 2 scrolls of fear
 f - 3 scrolls of teleportation {unknown}
 g - a scroll of amnesia
 h - a scroll of identify
 j - a scroll of acquirement
 l - 2 scrolls of vulnerability {unknown}
 o - 2 scrolls of poison {unknown}
 p - a scroll of immolation
 s - 2 scrolls of enchant weapon {unknown}
 C - a scroll of fog
Potions
 b - 3 potions of magic
 k - 2 potions of brilliance
 q - a potion of might {unknown}
 r - 3 potions of curing
 x - a potion of attraction {unknown}
 A - 2 potions of degeneration {unknown}
 D - a potion of flight {unknown}


   Skills:
 - Level 1.7 Dodging
 - Level 1.7 Stealth
 + Level 5.2 Spellcasting
 - Level 10.0 Conjurations


You had 10 spell levels left.
You knew the following spells:

 Your Spells              Type           Power      Damage    Failure   Level
a - Magic Dart            Conj           100%       1d8       1%          1
b - Searing Ray           Conj           100%       2d8       1%          2
c - Iskenderun's Mystic   Conj/Tloc      35%        2d8       17%         4

Your spell library contained the following spells:

 Spells                   Type           Power      Damage    Failure   Level
 Dazzling Flash           Conj/Hex       70%        N/A       4%          3
 Fulminant Prism          Conj/Hex       17%        3d11      17%         4
 Gell's Gravitas          Tloc           7%         N/A       38%         3
 Teleport Other           Tloc           7%         N/A       38%         3
 Dispersal                Tloc           3%         N/A       100%        6


Dungeon Overview and Level Annotations

Branches:
Dungeon (8/15)             Temple (0/1) D:4
   Lair: D:8-11

Shops:
D:1 [[   D:3 [   D:6 ((   D:7 ?


Innate Abilities, Weirdness & Mutations

You have an increased reservoir of magic. (+10% MP)
You shall have no god before yourself.
Your divine heritage dramatically boosts your attributes as you level up.


Message History

The searing ray hits the two-headed ogre but does no damage. (Press . to maintain the ray.)
You now have 17/19 mp.
Unknown command.
The searing ray hits the two-headed ogre!
The two-headed ogre is moderately wounded.
You now have 16/19 mp.
The searing ray hits the two-headed ogre!
The two-headed ogre is heavily wounded.
The two-headed ogre barely misses you.
The two-headed ogre hits you with a +0 giant club!
You take 8 damage, and have 49/57 hp.
You now have 15/19 mp.
The searing ray hits the two-headed ogre.
The two-headed ogre is heavily wounded.
You finish channelling your searing ray.
The two-headed ogre hits you with a +0 giant club!
The two-headed ogre hits you with a +0 giant club!!
* * * LOW HITPOINT WARNING * * *
You take 27 damage, and have 22/57 hp.
MASSIVE DAMAGE!!
You now have 14/19 mp.
Casting: Searing Ray (safe; 1% risk of failure)
Confirm with . or Enter, or press ? or * to list all spells.
Aiming: Searing Ray (safe; 1% risk of failure)
Press: ? - help, Shift-Dir - straight line, f/p - two-headed ogre
Aim: a two-headed ogre, wielding two +0 giant clubs (heavily wounded, 92% to hit)
The searing ray hits the two-headed ogre.
The two-headed ogre is severely wounded. (Press . to maintain the ray.)
The searing ray hits the two-headed ogre.
The two-headed ogre is severely wounded.
The two-headed ogre hits you with a +0 giant club.
* * * LOW HITPOINT WARNING * * *
The two-headed ogre barely misses you.
You now have 12/19 mp.
Unknown command.
The searing ray hits the two-headed ogre!
The two-headed ogre is almost dead.
The two-headed ogre hits you with a +0 giant club!
* * * LOW HITPOINT WARNING * * *
The two-headed ogre hits you with a +0 giant club!!
You die...

#....##...##.###...
#..<.#..#....# ..
######.##.####
#......# #...#.####
#.###.# # #..# #>##
#@# ......O.#
........# ........#
........# .......##
..#...# ######


You could see a two-headed ogre.

Vanquished Creatures
  A steam dragon (D:8)
  A water moccasin (D:7)
  A sky beast (D:8)
  A black bear (D:7)
  2 ice beasts (D:6)
  2 ogres (D:6)
  Blork the orc (D:5)
  3 bullfrogs
  A kobold brigand (D:6)
  3 scorpions
  3 wights (D:7)
  An electric eel (D:7)
  2 hounds
  A jelly (D:7)
  4 iguanas
  A sleepcap (D:4)
  Natasha (thrice) (D:2)
  Robin (D:3)
  9 adders
  A white imp (D:6)
  2 ufetubi (D:5)
  5 dart slugs
  9 orcs
  7 ball pythons
  10 endoplasms
  2 giant cockroaches
  16 goblins
  11 hobgoblins
  6 jackals
  8 kobolds
  2 quokkas (D:1)
  7 bats
  2 frilled lizards
  5 rats
134 creatures vanquished.

Notes
Turn   | Place    | Note
-------+----------+-------------------------------------------
     0 | D:1      | spardeous the Demigod Conjurer began the quest for the Orb.
     0 | D:1      | Reached XP level 1. HP: 14/14 MP: 5/5
   364 | D:1      | Reached skill level 4 in Conjurations
   364 | D:1      | Reached XP level 2. HP: 20/20 MP: 0/7
   503 | D:1      | Found Hegur's Armour Shoppe.
   503 | D:1      | Noticed an animated plate armour
   503 | D:1      | Noticed an animated shadow dragon scales
   836 | D:1      | Found Achuonk's Antique Armour Shop.
  1084 | D:1      | Reached XP level 3. HP: 26/26 MP: 6/8
  1087 | D:1      | Learned a level 2 spell: Searing Ray
  1449 | D:2      | Noticed Natasha
  1454 | D:2      | Killed Natasha
  1455 | D:2      | Reached skill level 5 in Conjurations
  1455 | D:2      | Reached XP level 4. HP: 33/33 MP: 3/9
  1847 | D:2      | Noticed Natasha
  1853 | D:2      | Killed Natasha
  2162 | D:2      | Noticed Natasha
  2170 | D:2      | Killed Natasha
  2171 | D:2      | Reached XP level 5. HP: 26/38 MP: 1/10
  2420 | D:2      | Learned a level 4 spell: Iskenderun's Mystic Blast
  2455 | D:3      | Reached skill level 6 in Conjurations
  2662 | D:3      | Noticed Robin
  3551 | D:3      | Found Wymnept's Antique Armour Emporium.
  3742 | D:3      | Killed Robin
  4024 | D:4      | Found a staircase to the Ecumenical Temple.
  4102 | D:4      | Identified the +2 chain mail of the Invisible Hand {rF- rN+
                  | Dex+10 Slay+3}
  4683 | D:4      | Reached XP level 6. HP: 42/45 MP: 4/11
  4828 | D:4      | Reached skill level 7 in Conjurations
  5165 | D:5      | Entered Level 5 of the Dungeon
  5610 | D:5      | Noticed Blork the orc
  5625 | D:5      | Killed Blork the orc
  6125 | D:6      | Found Viugoq's Weapon Shop.
  6195 | D:6      | Reached skill level 8 in Conjurations
  6256 | D:6      | Reached XP level 7. HP: 50/50 MP: 9/13
  6593 | D:6      | Found Xyshuus's Antique Weapon Shoppe.
  6640 | D:6      | Reached skill level 9 in Conjurations
  6970 | D:6      | Reached XP level 8. HP: 50/57 MP: 8/14
  7332 | D:7      | Reached skill level 10 in Conjurations
  7974 | D:7      | Found Mebbygg's Magic Scroll Boutique.
  7982 | D:7      | Bought a scroll of identify for 24 gold pieces
  7985 | D:7      | Identified a scroll of acquirement
  8352 | D:8      | Reached skill level 5 in Spellcasting
  8545 | D:8      | Noticed a two-headed ogre
  8553 | D:8      | Mangled by a two-headed ogre

Illustrated notes

Levels and vault maps discovered:
D:1:      dpeg_arrival_ternary, layout_basic, serial_shops, shop,
          nicolae_shop_mannequins
D:2:      layout_loops_ring, basic_altar, uniq_natasha
D:3:      wad_pebble_path, layout_basic, okawaru_gym_becter, marbit_many_paths,
          serial_shops, nicolae_shop_overgrown_old_shop, uniq_robin
D:4:      layout_loops_corners, overflow_temple_1_default,
          minmay_temple_entry_sparse_star, kennysheep_minor_cross
D:5:      layout_loops_ring, minmay_overflow_temple_star_quad,
          uniq_blork_the_orc
D:6:      layout_basic, mainiacjoe_overflow_surrounded_room, serial_shops, shop,
          nicolae_shop_bloodbath_and_beyond
D:7:      layout_loops_ring, mainiacjoe_overflow_catch_the_wave, serial_shops,
          nicolae_shop_peninsula, serial_bayou_lagoon_a, glass_columns_b,
          eino_tiny_chamber
D:8:      kennysheep_steamy, layout_rooms, nicolae_kikubaaqudgha_miasma_corner,
          gammafunk_ghost_spectres

Skill      XL: |  1  2  3  4  5  6  7  8 |
---------------+-------------------------+-----
Spellcasting   | 2 5 |  5.2
Conjurations   | 4 5 6 8 9 10 | 10.0
Dodging        | |  1.7
Stealth        | |  1.7

Action                     |  1- 3 |  4- 6 |  7- 9 || total
---------------------------+-------+-------+-------++-------
  Melee: Unarmed           |     2 |     1 |       ||     3
   Cast: Magic Dart        |    83 |   162 |    38 ||   283
         Searing Ray       |       |    11 |    23 ||    34
    Use: Potion            |       |     2 |       ||     2
         Scroll            |       |       |     5 ||     5
 Armour: Robe              |     1 |       |       ||     1
         Ring mail         |       |    23 |     8 ||    31
  Dodge: Dodged            |     4 |    45 |    15 ||    64
